 Dungeon Crawl Stone Soup version 0.30-a0-737-gf23d94013f (webtiles) character file.

Game seed: 4484684179512485510

93 garrulousMonolith the Chopper (level 4, -2/41 HPs)
             Began as a Minotaur Berserker on Feb 2, 2023.
             Was a Believer of Trog.
             Killed by divine providence
             ... invoked by an orc priest
              (14 damage)
             ... on level 3 of the Dungeon.
             The game lasted 00:01:59 (1402 turns).

garrulousMonolith the Chopper (Minotaur Berserker)  Turns: 1402, Time: 00:01:59

Health: -2/41      AC:  8    Str: 22    XL:     4   Next: 37%
Magic:  3/3        EV: 10    Int:  4    God:    Trog [**....]
Gold:   57         SH:  0    Dex: 11    Spells: 3/3 levels left

rFire   . . .      SeeInvis .    a - +0 hand axe
rCold   + . .      Faith    .    (no shield)
rNeg    . . .      Spirit   .    g - +0 scale mail
rPois   .          Reflect  .    k - +2 hat
rElec   .          Harm     .    (no cloak)
rCorr   .          Rampage  .    (no gloves)
Will    .....                    (no boots) Stlth
                                 (no amulet)
HPRegen 0.26/turn                b - ring of protection from cold
MPRegen 0.08/turn                (no ring)

@: no status effects
A: horns 2, retaliatory headbutt
a: Renounce Religion, Berserk, Trog's Hand


You were on level 3 of the Dungeon.
You worshipped Trog.
Trog was pleased with you.
You visited 1 branch of the dungeon, and saw 3 of its levels.

You collected 57 gold pieces.

Inventory:

Hand Weapons
 a - a +0 hand axe (weapon)
 i - a +0 trident of flaming
 l - a +2 dagger of venom
 n - a +0 morningstar
Missiles
 c - 4 silver boomerangs (quivered)
Armour
 g - a +0 scale mail (worn)
 k - a +2 hat (worn)
Jewellery
 b - a ring of protection from cold (left hand)
 h - a ring of magical power
Scrolls
 d - a scroll of enchant armour
 f - a scroll of teleportation
 j - a scroll of identify
Potions
 e - a potion of haste
 m - a potion of curing


   Skills:
 + Level 4.3 Fighting
 * Level 4.8 Axes
 + Level 3.2 Armour
 + Level 3.0 Dodging


You had 3 spell levels left.
You didn't know any spells.
Your spell library was empty.

Dungeon Overview and Level Annotations

Branches:
Dungeon (3/15)

Altars:


Innate Abilities, Weirdness & Mutations

You have a pair of horns on your head.
You reflexively headbutt those who attack you in melee.


Message History

You hit the orc.
The orc is heavily wounded.
The orc completely misses you.
You hit the orc.
You kill the orc!
Trog accepts your kill.
An orc priest comes into view. It is wielding a +0 mace.
The orc priest shouts!
An orc comes into view. It is wielding a +0 hand axe.
The orc priest moves out of view.
Things that are here:
a +0 mace; a +0 leather armour A ball python comes into view.
The ball python hisses angrily.
Items here: )) [ †.
n - a +0 morningstar
Things that are here:
a +0 mace; a +0 leather armour You hit the orc priest.
The orc priest is moderately wounded.
The orc priest barely misses you.
You hit the orc priest but do no damage.
The orc priest is moderately wounded.
The orc priest misses you.
You barely miss the orc priest.
The orc priest is moderately wounded.
You hit the ball python.
You kill the ball python!
Trog accepts your kill.
The orc priest hits you but does no damage.
You barely miss the orc priest.
The orc priest is moderately wounded.
The orc priest hits you with a +0 mace.
* * * LOW HITPOINT WARNING * * *
The orc priest hits you but does no damage.
You hit the orc priest.
The orc priest is heavily wounded.
The orc priest calls down the wrath of Beogh upon you.
Beogh smites you!
You die...

###### .....
..##...###.#
........##.#
....S....#.#
o......#)#.#
.......#@#.#
.....<.#o#.#
.........#.#
.........#.#
....>......#
...........#
.#######.###
#....<...#
#.#....###


You could see an orc priest.

Vanquished Creatures
  An orc priest (D:3)
  Robin (D:2)
  A worm (D:2)
  2 orcs (D:3)
  5 ball pythons
  3 bats
  2 endoplasms (D:1)
  2 giant cockroaches (D:1)
  6 hobgoblins
  3 frilled lizards (D:2)
  12 goblins
  4 kobolds (D:1)
  5 rats
47 creatures vanquished.

Notes
Turn   | Place    | Note
-------+----------+-------------------------------------------
     0 | D:1      | garrulousMonolith the Minotaur Berserker began the quest
                  | for the Orb.
     0 | D:1      | Reached XP level 1. HP: 19/19 MP: 0/0
   290 | D:1      | Reached XP level 2. HP: 25/27 MP: 1/1
   635 | D:1      | Reached ** piety under Trog
   881 | D:2      | Reached XP level 3. HP: 33/33 MP: 2/2
   974 | D:2      | Noticed Robin
   985 | D:2      | Killed Robin
  1387 | D:3      | Reached XP level 4. HP: 13/40 MP: 3/3
  1402 | D:3      | Killed from afar by an orc priest

Illustrated notes

Levels and vault maps discovered:
D:1:      minmay_arrival_widening_spiral_narrow, layout_loops_ring
D:2:      layout_basic, uniq_robin
D:3:      layout_basic, nicolae_wu_jian_wuxing_cycle, minitemple, uniq_grinder

Skill      XL: |  1  2  3 |
---------------+----------+-----
Axes           | 4 |  4.8
Fighting       | 4 |  4.3
Armour         | 3 |  3.2
Dodging        | 3 |  3.0

Action                     |  1- 3 |  4- 6 || total
---------------------------+-------+-------++-------
  Melee: Hand axe          |    88 |    11 ||    99
         Headbutt          |    18 |       ||    18
         Punch             |     1 |       ||     1
    Use: Scroll            |     3 |       ||     3
         Potion            |     1 |       ||     1
   Stab: Sleeping          |     1 |       ||     1
 Armour: Animal skin       |     2 |       ||     2
         Scale mail        |    24 |     3 ||    27
  Dodge: Dodged            |    52 |     6 ||    58

Table legend: (Time is in decaauts)
 A = Elapsed time spent in this place.
 B = Non-inter-level travel time spent in this place.
 C = Inter-level travel time spent in this place.
 D = Time resting spent in this place.
 E = Time spent auto-exploring this place.
 F = Levels seen in this place.
 G = Mean time per level.
                   A        B        C        D        E       F      G
               +--------+--------+--------+--------+--------+-----+--------+
         Total |   1390 |   1357 |     33 |    101 |    995 |   3 |  463.3 |
       Dungeon |   1390 |   1357 |     33 |    101 |    995 |   3 |  463.3 |
               +--------+--------+--------+--------+--------+-----+--------+

Top non-repeatable levels by time:
     D:1: 828 daAuts
     D:2: 519 daAuts
     D:3: 42 daAuts
